AoeStats
← 止春山

Nomad

509856589Analyzed
2v2 RM · 3d ago on Sep 28, 2026· 31m 42s· 4 players
Game mode
Random Map
Map size
176×176
Population
200
Speed
Normal
Resources
Standard
Victory
Conquest
Starting age
Dark Age
Ending age
Imperial Age
RankedLock teamsTeams togetherTeam positionsShared explorationLock speedFull tech treeHidden civsTurbo modeCheats
Victory
Defeat
🇷🇺 Vietnamese · Russia
874
+7
🇺🇸 Huns · United States
834
+8
🇹🇷 Persians · Türkiye
669
-8
🇨🇳 Sicilians · China
631
-7
LuTz
16:30 Feudal Age
16:52 Double-Bit Axe
17:15 Horse Collar
21:27 Gold Mining
21:55 Scale Barding Armor
23:09 Fishing Lines
26:47 Castle Age
27:14 Bloodlines
27:36 Husbandry
28:00 Chain Barding Armor
29:23 Gold Shaft Mining
29:02 Bow Saw
29:26 Forging
止春山
15:58 Feudal Age
16:57 Double-Bit Axe
16:54 Horse Collar
18:42 Wheelbarrow
24:09 Man-at-Arms
24:37 Arson
Rvchyv
5:26 Loom
16:29 Feudal Age
19:26 Wheelbarrow
19:07 Double-Bit Axe
18:58 Man-at-Arms
19:39 Gold Mining
20:21 Fletching
21:13 Forging
21:07 Padded Archer Armor
21:08 Scale Mail Armor
22:23 Arson
26:51 Castle Age
27:07 Crossbowman
27:55 Thumb Ring
28:15 Bodkin Arrow
28:37 Squires
iHaze
18:05 Feudal Age
18:21 Man-at-Arms
18:56 Double-Bit Axe
19:49 Gold Mining
20:20 Fletching
20:31 Padded Archer Armor
20:57 Arson
26:25 Castle Age
25:55 Stone Mining
26:15 Scale Barding Armor
26:43 Forging
27:06 Crossbowman
28:30 Wheelbarrow
31:00 Town Watch
31:01 Loom
31:47 Bodkin Arrow
Connection lost

Rejoining the realm…

Still unreachable

The connection could not be restored.

Session expired

The server has moved on; the page needs a fresh start.